 Dungeon Crawl Stone Soup version 0.29.1-1-gd02db6906a (webtiles) character file.

Game seed: 6303752821255020004

11515 juncz the Fighter (level 12, -5/103 HPs)
             Began as a Djinni Conjurer on Sept 24, 2022.
             Was a Believer of Ashenzari.
             Shot with an arrow by a centaur warrior (17 damage)
             ... on level 9 of the Dungeon.
             The game lasted 00:46:02 (15387 turns).

juncz the Fighter (Djinni Conjurer)                Turns: 15387, Time: 00:46:03

Health: -5/103     AC:  9    Str:  6    XL:     12   Next: 8%
Gold:   947        EV: 12    Int: 24    God:    Ashenzari [**....] SH:  0 Dex: 13

rFire   + + +      SeeInvis +   b - staff of poison
rCold   x . .      Faith    .   (no shield)
rNeg    . . .      Spirit   .   B - +0 robe of the Esoteric Pleiades {rF+, Self, Melee} (curse)
rPois   ∞          Reflect  .   s - +2 helmet of Supernal Gnosis {Self, Range} (curse)
rElec   .          Harm     .   (no cloak)
rCorr   .          Rampage  .   (no gloves)
Will    +....                   (boots unavailable)
Stlth   ++........              (no amulet)
HPRegen 0.27/turn               o - +4 ring of protection
MPRegen 0.00/turn               y - ring "Share My Adversity" {Wiz, Evo, Self} (curse)

@: flying
A: sickness immunity, fire resistance 2, cold vulnerability 1, float, innate
caster, HP casting, extra vitality 1
a: Renounce Religion, Curse Item, Shatter the Chains


You were on level 9 of the Dungeon.
You worshipped Ashenzari.
Ashenzari was pleased with you.
You visited 2 branches of the dungeon, and saw 11 of its levels.
You also visited: Bailey.

You collected 1519 gold pieces.
You spent 572 gold pieces at shops.

Inventory:

Armour
 s - the cursed +2 helmet of Supernal Gnosis (worn) {Self, Range}
   (You found it on level 3 of the Dungeon)

   It has a curse which improves the following skills: Introspection: Fighting
   and Spellcasting.
   Ranged Combat: Ranged Weapons and Throwing.
 B - the cursed +0 robe of the Esoteric Pleiades (worn) {rF+, Self, Melee}
   (You took it off an orc wizard on level 5 of the Dungeon)

   It has a curse which improves the following skills: Introspection: Fighting
   and Spellcasting.
   Melee Combat: Short Blades, Long Blades, Axes, Maces & Flails, Polearms,
   Staves and Unarmed Combat.
 F - +0 steam dragon scales
 G - a +0 troll leather armour
Magical Staves
 b - a staff of poison (weapon)
Jewellery
 a - a ring of protection from fire
 g - a +4 ring of slaying
 o - a +4 ring of protection (left hand)
 q - a +6 ring of dexterity
 y - the cursed ring "Share My Adversity" (right hand) {Wiz, Evo, Self}
   (You found it on level 5 of the Dungeon)

   [ring of wizardry]

   It improves your spell success rate.
   It has a curse which improves the following skills: Evocations: Evocations.
   Introspection: Fighting and Spellcasting.
 H - the ring "Buletenn" {Fly rPois Will++ Int-2 Dex+4}
   (You took it off a meliai on level 9 of the Dungeon)

   [ring of flight]

   Int:       It affects your intelligence (-2).
   Dex:       It affects your dexterity (+4).
   rPois:     It protects you from poison.
   Fly:       It grants you flight.
   Will:      It greatly increases your willpower.
Wands
 h - a wand of flame (52)
 r - a wand of mindburst (7)
 z - a wand of paralysis (5)
 D - a wand of iceblast (9)
Scrolls
 c - 3 scrolls of enchant weapon
 d - a scroll of blinking
 e - 3 scrolls of butterflies
 k - 4 scrolls of teleportation
 l - 2 scrolls of enchant armour
 p - 2 scrolls of fear
 x - 2 scrolls of magic mapping
 A - a scroll of poison
 C - 2 scrolls of vulnerability
Potions
 f - 5 potions of mutation
 i - 2 potions of berserk rage
 j - 2 potions of attraction
 n - 2 potions of brilliance
 t - 2 potions of resistance
 u - 2 potions of curing
 v - 3 potions of heal wounds
 w - 2 potions of might
 E - a potion of ambrosia
Miscellaneous
 m - a lightning rod (3/4)


   Skills:
 + Level 12.9(15.3) Fighting
 - Level 2.1 Dodging
 - Level 1.5 Stealth
 + Level 10.7(13.2) Spellcasting


You had 10 spell levels left.
You knew the following spells:

 Your Spells              Type           Power      Damage    Failure   Level
a - Magic Dart            Conj           100%       1d8       0%          1
b - Searing Ray           Conj           100%       2d8       1%          2
c - Dazzling Flash        Conj/Hex       100%       N/A       1%          3
d - Fulminant Prism       Conj/Hex       34%        3d16      1%          4
e - Iskenderun's Mystic   Conj/Tloc      68%        2d14      1%          4
f - Foxfire               Conj/Fire      100%       2x1d9     0%          1
g - Passwall              Tmut/Erth      56%        N/A       1%          2
h - Portal Projectile     Hex/Tloc       100%       N/A       1%          3
i - Call Canine Familiar  Summ           68%        N/A       1%          3
j - Leda's Liquefaction   Hex/Erth       34%        N/A       1%          4
Your spell library was empty.

Dungeon Overview and Level Annotations

Branches:
Dungeon (10/15)            Temple (1/1) D:4            Lair (0/5) D:8
 Bailey (visited)
    Orc: D:9-12

Altars:
Ashenzari
Cheibriados
Dithmenos
Elyvilon
Fedhas
Gozag
Hepliaklqana
Nemelex Xobeh
Okawaru
Qazlal
Trog
Uskayaw
Wu Jian
Xom
Yredelemnul
Zin
The Shining One

Shops:
D:5 *   D:7 *


Innate Abilities, Weirdness & Mutations

You are immune to sickness and miasma.
You are immune to poison.
Your flesh is very heat resistant. (rF++)
You are vulnerable to cold. (rC-)
You float through the air rather than walking.
You learn spells naturally, not from books.
Your magical power is your life essence.
You have superior vitality. (+4 MHP)


Message History

You erupt in a blast of force!
The mystic blast hits the centaur warrior!
The centaur warrior is moderately wounded.
The centaur warrior is knocked back by the mystic blast.
The mystic blast hits the orc!!
You kill the orc!
The mystic blast hits the troll!
The troll is almost dead.
The troll is knocked back by the mystic blast.
The troll slams into the rock wall!
The troll is almost dead.
You hear a bellow!
The foxfire hits the troll.
The troll is almost dead.
The foxfire hits the troll.
The troll is almost dead.
Casting: Iskenderun's Mystic Blast (safe; 1% risk of failure)
Confirm with . or Enter, or press ? or * to list all spells.
You erupt in a blast of force!
The mystic blast hits the centaur warrior!
The centaur warrior is heavily wounded.
The centaur warrior is knocked back by the mystic blast.
The mystic blast hits the troll!
You kill the troll!
The +0 troll leather armour is intact enough to wear.
* * * LOW HITPOINT WARNING * * *
The centaur warrior unwields a +1 dagger of electrocution.
It stops crackling.
The centaur warrior wields a +0 shortbow.
The centaur warrior shoots an arrow.
The arrow barely misses you.
The centaur warrior shoots an arrow.
The arrow hits you!!
* * * LOW HITPOINT WARNING * * *
Aiming: Thunderbolt
Press: ? - help, Shift-Dir - straight line, f - centaur warrior
Aim: a centaur warrior, wielding a +0 shortbow and quivering stones (moderately wounded)
The thunderbolt hits the centaur warrior!!
The centaur warrior is severely wounded.
You hear a bellow!
The centaur warrior shoots an arrow.
The arrow hits you!
You die...

#.#*#..#.c##..#..........
.#
#.##)##T##...........,, ,
#*#. #{##..##........) ,
,#. ,.#..##.#....##'# ##
* * #, .)#).
#.#c.#....#... ,,
,.##.##..#'.....#.....
##..#..##.#.>.[.'.....
#..#., #.#.#..)#.....
,.##. ,.##.#@..# ... , #
.# ..##### , . * .# ..##
,, ** ## ... , , , .... ,
, , ....#* * * , , * * *
, ,, ,


You could see a centaur warrior.

Vanquished Creatures
  Erica (D:8)
  A centaur warrior (D:9)
  2 two-headed ogres
  An ugly thing (D:9)
  Maggie (D:8)
  2 trolls (D:9)
  A meliai (D:9)
  Prince Ribbit (D:8)
  A shadow (D:9)
  A yak (D:9)
  A wraith (D:9)
  A steam dragon (D:9)
  14 orc warriors
  2 ogres
  6 centaurs
  4 wolves (D:8)
  4 phantoms
  7 kobold brigands
  3 bullfrogs
  A scorpion (D:5)
  2 gnoll sergeants (D:9)
  11 wights
  2 killer bees (D:9)
  10 howler monkeys
  2 jellies
  3 orc priests
  Jessica (D:3)
  3 iguanas
  9 orc wizards
  14 gnolls
  6 adders
  3 worms (D:2)
  4 dart slugs
  28 orcs
  7 ball pythons
  6 bats
  9 endoplasms
  A giant cockroach (D:2)
  7 hobgoblins
  10 jackals
  20 kobolds
  5 quokkas
  5 frilled lizards
  6 goblins
  3 rats
232 creatures vanquished.

Vanquished Creatures (collateral kills)
  A harpy (shapeshifter) (D:9)
  Grum (D:8)
  An orc warrior (D:9)
  2 sky beasts
  3 centaurs
  2 kobold brigands (D:9)
  2 bullfrogs (D:7)
  8 wights
  2 howler monkeys
  An orc priest (D:7)
  3 orcs
26 creatures vanquished.

Vanquished Creatures (others)
  An orc warrior (D:9)
  18 foxfires
  31 fulminant prisms
50 creatures vanquished.

Grand Total: 308 creatures vanquished

Notes
Turn   | Place    | Note
-------+----------+-------------------------------------------
     0 | D:1      | juncz the Djinni Conjurer began the quest for the Orb.
     0 | D:1      | juncz set off with the following spells memorised: Magic
                  | Dart, Searing Ray, Dazzling Flash, Fulminant Prism,
                  | Iskenderun's Mystic Blast.
     0 | D:1      | Reached XP level 1. HP: 15/15 MP: 0/0
   173 | D:1      | Reached skill level 1 in Fighting
   173 | D:1      | Reached XP level 2. HP: 15/22 MP: 0/0
   946 | D:1      | Reached XP level 3. HP: 25/27 MP: 0/0
   946 | D:1      | Learned a level 1 spell: Foxfire
  2272 | D:2      | Reached skill level 2 in Fighting
  2769 | D:2      | Reached XP level 4. HP: 26/33 MP: 0/0
  3898 | D:3      | Found a faded altar of an unknown god.
  3904 | D:3      | Reached XP level 5. HP: 38/40 MP: 0/0
  3904 | D:3      | Learned a level 2 spell: Passwall
  4109 | D:3      | Noticed Jessica
  4114 | D:3      | Killed Jessica
  4115 | D:3      | Reached skill level 3 in Fighting
  4507 | D:3      | Found a basalt altar of Yredelemnul.
  5131 | D:4      | Found a blossoming altar of Fedhas.
  5172 | D:4      | Found a staircase to the Ecumenical Temple.
  5194 | D:4      | Noticed a phantom
  5197 | Temple   | Entered the Ecumenical Temple
  5503 | Temple   | Became a worshipper of Ashenzari the Shackled
  5528 | D:4      | Killed a phantom
  5529 | D:4      | Reached XP level 6. HP: 44/47 MP: 0/0
  5680 | D:4      | Reached skill level 4 in Fighting
  6182 | D:4      | Found a sparkling altar of Nemelex Xobeh.
  6416 | D:5      | Entered Level 5 of the Dungeon
  6536 | D:5      | Reached XP level 7. HP: 37/53 MP: 0/0
  6536 | D:5      | Learned a level 3 spell: Portal Projectile
  6717 | D:5      | Reached skill level 5 in Spellcasting
  6808 | D:5      | Reached skill level 5 in Fighting
  7542 | D:5      | Reached XP level 8. HP: 56/60 MP: 0/0
  7778 | D:5      | Found Gyipn's Assorted Antiques.
  8069 | D:6      | Reached skill level 6 in Fighting
  9369 | D:6      | Reached * piety under Ashenzari
  9464 | D:7      | Reached skill level 7 in Fighting
  9512 | D:7      | Reached XP level 9. HP: 55/71 MP: 0/0
  9512 | D:7      | Learned a level 3 spell: Call Canine Familiar
  9517 | D:7      | Found a flagged portal.
  9709 | Bailey   | Entered a bailey
 10290 | Bailey   | Reached skill level 8 in Fighting
 10482 | Bailey   | Identified the +9 plate armour of the Monkey's Uncle {rC+}
 10483 | Bailey   | Found an iron altar of Okawaru.
 10627 | D:7      | Reached skill level 9 in Fighting
 10769 | D:7      | Reached XP level 10. HP: 80/81 MP: 0/0
 11159 | D:7      | Found Mauczeo's General Store.
 11164 | D:7      | Bought a scroll of acquirement for 572 gold pieces
 11164 | D:7      | Acquired 695 gold pieces
 11438 | D:8      | Reached ** piety under Ashenzari
 11785 | D:8      | Noticed Erica
 11795 | D:8      | Killed Erica
 11796 | D:8      | Reached skill level 10 in Fighting
 11887 | D:8      | Found a staircase to the Lair.
 11903 | D:8      | Noticed a two-headed ogre
 11912 | D:8      | Killed a two-headed ogre
 11980 | D:8      | Noticed Prince Ribbit
 11983 | D:8      | Killed Prince Ribbit
 12321 | D:8      | Noticed Maggie
 12329 | D:8      | Killed Maggie
 12369 | D:8      | Noticed Grum
 12377 | D:8      | Killed Grum
 12378 | D:8      | Reached skill level 11 in Fighting
 12378 | D:8      | Reached XP level 11. HP: 74/92 MP: 0/0
 12378 | D:8      | Learned a level 4 spell: Leda's Liquefaction
 13828 | D:9      | Noticed a two-headed ogre
 13835 | D:9      | Killed a two-headed ogre
 13841 | D:9      | Reached skill level 12 in Fighting
 13845 | D:9      | Reached skill level 10 in Spellcasting
 14298 | D:9      | Identified the ring "Buletenn" {Fly rPois Will++ Int-2
                  | Dex+4}
 14623 | D:9      | Noticed a brown ugly thing
 14632 | D:9      | Killed a brown ugly thing
 14645 | D:9      | Noticed a harpy
 14653 | D:9      | Killed a harpy
 14958 | D:9      | Identified the Writings on Deathly Jinxing
 14991 | D:9      | Noticed a centaur warrior
 15005 | D:9      | Killed a centaur warrior
 15006 | D:9      | Reached XP level 12. HP: 49/103 MP: 0/0
 15011 | D:9      | Noticed a centaur warrior
 15027 | D:10     | Entered Level 10 of the Dungeon
 15387 | D:9      | Shot with an arrow by a centaur warrior

Illustrated notes

Levels and vault maps discovered:
D:1:      dpeg_arrival_rooms_with_view, layout_basic, solitary_fountain
D:2:      mumra_celtic_spiral_tile, layout_rooms
D:3:      layout_rooms, mainiacjoe_overflow_alcove_2, basic_ecumenical_altar,
          kennysheep_jessica_study
D:4:      layout_rooms, nemelex_spade_bored_becter, fedhas_altar_1,
          temple_pool_b, minmay_diced_spiral
D:5:      layout_basic, serial_shops, nicolae_shop_crystal
D:6:      layout_basic
D:7:      layout_basic, enter_bailey_4, serial_shops, kennysheep_little_box
D:8:      layout_gridville, lair_entry_dummy, amcnicky_mini_corridor_feature,
          uniq_erica, uniq_maggie, uniq_prince_ribbit1, uniq_grum
D:9:      minmay_the_grid_octo_tiled_octocenter
          [minmay_the_grid_octo_checkerflower, minmay_the_grid_octo_fat_diamond,
          minmay_the_grid_octo_focus, minmay_the_grid_octo_odd_swirl,
          minmay_the_grid_octo_prize_big_c, minmay_the_grid_square_5x5_slash,
          minmay_the_grid_square_5x5_trominoes,
          minmay_the_grid_square_5x5_moneybag,
          minmay_the_grid_square_5x5_empty], layout_basic, david_orc_5,
          serial_shops, nicolae_shop_waterfront
D:10:     lemuel_castle_with_subvaults [lemuel_castle_interior_carwin_1],
          layout_irregular_city, nicolae_ru_sacrificial_ziggurat,
          gammafunk_temple_overflow_elements, serial_rivers,
          chequers_serial_rivers_micro_a, chequers_serial_rivers_micro_b,
          chequers_serial_rivers_room_a, chequers_serial_rivers_micro_a,
          wad_hexagon, uniq_fannar, uniq_josephine
Temple:   eino_temple_scatter_basement

Skill      XL: |  1  2  3  4  5  6  7  8  9 10 11 |
---------------+----------------------------------+-----
Fighting       | 1 2 3 4 5 7 9 11 12 | 12.9
Spellcasting   | 4 5 6 7 9 10 | 10.7
Dodging        | |  2.1
Stealth        | |  1.5

Action                   |  1- 3 |  4- 6 |  7- 9 | 10-12 || total
-------------------------+-------+-------+-------+-------++-------
Melee: Staff             |       |       |       |     1 ||     1
 Cast: Magic Dart        |    95 |   120 |    75 |    49 ||   339
       Foxfire           |       |     6 |       |     4 ||    10
       Searing Ray       |       |     1 |       |       ||     1
       Iskenderun's Myst |       |     2 |    45 |    78 ||   125
       Fulminant Prism   |       |     1 |    20 |    10 ||    31
       Call Canine Famil |       |       |     4 |    26 ||    30
Invok: Curse Item        |       |       |     2 |     1 ||     3
Evoke: Wand              |       |       |       |     6 ||     6
       Lightning rod     |       |       |       |     2 ||     2
  Use: Scroll            |       |       |       |     1 ||     1
Armor: Robe              |     5 |     7 |     5 |    17 ||    34
Dodge: Dodged            |    17 |    10 |    10 |    54 ||    91
